 Dungeon Crawl Stone Soup version 0.27-a0-1147-gb3d8e82157 (webtiles) character file.

Game seed: 12221341496345041206

503 kae the Slasher (level 6, -7/51 HPs)
             Began as a Demonspawn Fighter on May 11, 2021.
             Was an Initiate of Okawaru.
             Mangled by an orc warrior
             ... wielding a +0 long sword of flaming
              (16 damage)
             ... on level 4 of the Dungeon.
             The game lasted 00:02:00 (4108 turns).

kae the Slasher (Demonspawn Fighter)                Turns: 4108, Time: 00:02:01

Health: -7/51      AC:  8    Str: 18    XL:     6   Next: 96%
Magic:  6/6        EV:  7    Int: 10    God:    Okawaru [......]
Gold:   110        SH:  8    Dex: 12    Spells: 5/5 levels left

rFire    . . .     SeeInvis .   a - +0 long sword
rCold    . . .     Faith    .   c - +0 kite shield
rNeg     . . .     Spirit   .   b - +0 scale mail
rPois    .         Reflect  .   (no helmet)
rElec    .         Harm     .   (no cloak)
rCorr    .         Rampage  .   i - +1 pair of gloves
Will     .....                  (no boots)
Stlth    ..........             (no amulet)
HPRegen  0.17/turn              (no ring)
MPRegen  0.20/turn              (no ring)

@: no status effects
A: hooves 1, magic regeneration, demonic magic 1
a: Renounce Religion


You were on level 4 of the Dungeon.
You worshipped Okawaru.
Okawaru was noncommittal.
You visited 1 branch of the dungeon, and saw 4 of its levels.

You collected 110 gold pieces.

Inventory:

Hand Weapons
 a - a +0 long sword (weapon)
Armour
 b - a +0 scale mail (worn)
 c - a +0 kite shield (worn)
 i - a +1 pair of gloves (worn)
Jewellery
 j - a ring of protection from cold
 o - an amulet of faith
Wands
 l - a wand of flame (19)
 n - a wand of polymorph (9)
Scrolls
 g - 2 scrolls of teleportation
 k - a scroll of noise {unknown}
 q - a scroll of fear {unknown}
Potions
 d - 2 potions of might
 f - 3 potions of haste
 h - 3 potions of curing {unknown}
 m - a potion of resistance {unknown}
 p - a potion of mutation {unknown}


   Skills:
 + Level 5.1 Fighting
 * Level 5.7 Long Blades
 - Level 2.6 Armour
 - Level 2.6 Shields
 + Level 0.2 Invocations


You had 5 spell levels left.
You didn't know any spells.
Your spell library was empty.

Dungeon Overview and Level Annotations

Branches:
Dungeon (4/15)
 Temple: D:4-7

Altars:
Hepliaklqana
Makhleb
Nemelex Xobeh
Okawaru
Ru
Trog
Uskayaw
Wu Jian

Shops:
D:2 [


Innate Abilities, Weirdness & Mutations

You have large cloven feet.
You regenerate magic rapidly.
Spells you cast may paralyse adjacent enemies.


Message History

* * * LOW HITPOINT WARNING * * *
The orc warrior burns you.
* * * LOW HITPOINT WARNING * * *
You slash the orc warrior!
The orc warrior is moderately wounded.
The orc warrior barely misses you.
You riposte.
You slash the orc warrior! You kick the orc warrior.
The orc warrior is severely wounded.
You feel much better.
The orc warrior hits you with a +0 long sword of flaming!
* * * LOW HITPOINT WARNING * * *
The orc warrior burns you.
* * * LOW HITPOINT WARNING * * *
You feel much better.
The orc warrior hits you with a +0 long sword of flaming.
The orc warrior burns you.
Okay, then.
You hit the orc warrior.
The orc warrior is severely wounded.
The orc warrior hits you with a +0 long sword of flaming!
* * * LOW HITPOINT WARNING * * *
The orc warrior burns you!
* * * LOW HITPOINT WARNING * * *
You closely miss the orc warrior.
You kick the orc warrior, but do no damage.
The orc warrior is severely wounded.
You block the orc warrior's attack.
The orc warrior hits you with a +0 long sword of flaming.
* * * LOW HITPOINT WARNING * * *
The orc warrior burns you.
* * * LOW HITPOINT WARNING * * *
You feel much better.
The orc warrior hits you with a +0 long sword of flaming!
The orc warrior burns you!
* * * LOW HITPOINT WARNING * * *
You hit the orc warrior but do no damage.
Your kick misses the orc warrior.
The orc warrior is severely wounded.
The orc warrior hits you with a +0 long sword of flaming!
You die...

.........#.......##.........#....
.................#.......♣P..P...
.............#####.....P≈≈≈♣.†P..
............## #.......≈≈♣≈)†.♣.
......#....## ###.....≈≈≈≈≈≈...
###...#...## ##..P..P♣♣≈≈≈≈P.♣
.##)....### ##.....P..≈♣♣≈≈...
........# ##....#.....P♣≈....
........# #.@.####...)?♣..P..
...###..... #.o.## $...........
#'.# ....# #...## .#..........
.#.# #...##....# . ..#.#
.#..#...###_).# .. ##
.#........#..# .# #####.....#####
#..## .#.##.....##..##.....
.#.#>....#.##........


You could see an orc warrior.

Vanquished Creatures
  A black bear (D:2)
  A necrophage (D:4)
  A hound (D:3)
  An orc wizard (D:4)
  Natasha (thrice) (D:2)
  Robin (D:2)
  4 adders
  6 gnolls (D:3)
  A worm (D:2)
  5 orcs (D:4)
  7 endoplasms
  4 giant cockroaches
  18 goblins
  9 hobgoblins
  5 jackals
  8 ball pythons
  A bat (D:3)
  6 kobolds
  5 rats
87 creatures vanquished.

Notes
Turn   | Place    | Note
-------+----------+-------------------------------------------
     0 | D:1      | kae the Demonspawn Fighter began the quest for the Orb.
     0 | D:1      | Reached XP level 1. HP: 18/18 MP: 1/1
   210 | D:1      | Gained mutation: You have large cloven feet. [demonic
                  | ancestry]
   210 | D:1      | Reached XP level 2. HP: 24/24 MP: 2/2
   563 | D:1      | Found a faded altar of an unknown god.
   759 | D:2      | Noticed Natasha
   765 | D:2      | Noticed a crimson imp
   771 | D:2      | Noticed a crimson imp
   772 | D:2      | Killed Natasha
   773 | D:2      | Reached XP level 3. HP: 5/29 MP: 3/3
   795 | D:2      | Noticed Natasha
  1077 | D:2      | Killed Natasha
  1078 | D:2      | Reached XP level 4. HP: 24/37 MP: 4/4
  1387 | D:2      | Noticed Robin
  1616 | D:2      | Killed Robin
  1846 | D:2      | Noticed Natasha
  1855 | D:2      | Killed Natasha
  1953 | D:2      | Found Kih Fob's Armour Boutique.
  2027 | D:2      | Noticed a black bear
  2036 | D:2      | Killed a black bear
  2037 | D:2      | Gained mutation: You regenerate magic rapidly. [demonic
                  | ancestry]
  2037 | D:2      | Reached XP level 5. HP: 19/43 MP: 5/5
  2901 | D:3      | Found an ornate altar of the Wu Jian Council.
  2902 | D:3      | Found a hide-covered altar of Uskayaw.
  2905 | D:3      | Found an iron altar of Okawaru.
  2906 | D:3      | Found a hazy altar of Hepliaklqana.
  2937 | D:3      | Became a worshipper of Warmaster Okawaru
  2949 | D:3      | Found a burning altar of Makhleb.
  2968 | D:3      | Gained mutation: Spells you cast may paralyse adjacent
                  | enemies. [demonic ancestry]
  2968 | D:3      | Reached XP level 6. HP: 44/49 MP: 6/6
  2980 | D:3      | Reached skill level 5 in Long Blades
  3069 | D:3      | Found a sparkling altar of Nemelex Xobeh.
  3868 | D:4      | Reached skill level 5 in Fighting
  3900 | D:4      | Found a sacrificial altar of Ru.
  4093 | D:4      | Noticed an orc warrior
  4094 | D:4      | Found a bloodstained altar of Trog.
  4106 | D:4      | HP: 2/51 [orc warrior/+0 long sword of flaming (2)]
  4108 | D:4      | Mangled by an orc warrior

Illustrated notes

Levels and vault maps discovered:
D:1:      dpeg_arrival_round_b, layout_rooms, basic_ecumenical_altar
D:2:      layout_basic, serial_shops, nicolae_shop_stone, uniq_natasha,
          uniq_robin
D:3:      layout_loops_cross, old_standard_altar, grunt_temple_overflow_open,
          lemuel_tele_altar, minmay_surrounded
D:4:      layout_cave_pools, nzn_overflow_gifts_of_might_and_magic,
          nicolae_ru_great_annihilating_truth, chequers_garden,
          nrook_loot_triangle, serial_bayou_pond_a, minmay_curled_crystal

Skill      XL: |  1  2  3  4  5  6 |
---------------+-------------------+-----
Long Blades    | 2 3 4 5 |  5.7
Fighting       | 4 5 |  5.1
Armour         | |  2.6
Shields        | |  2.6
Invocations    | |  0.2

Action                   |  1- 3 |  4- 6 || total
-------------------------+-------+-------++-------
Melee: Long sword        |    54 |   186 ||   240
       Kick              |     8 |    59 ||    67
  Use: Scroll            |     2 |     2 ||     4
       Potion            |       |     3 ||     3
 Stab: Paralysed         |       |     1 ||     1
Armor: Scale mail        |    29 |   101 ||   130
Dodge: Dodged            |    16 |    72 ||    88
Block: Kite shield       |    27 |   108 ||   135
       Rpst.: Long sword |     4 |    23 ||    27

Table legend: (Time is in decaauts)
 A = Elapsed time spent in this place.
 B = Non-inter-level travel time spent in this place.
 C = Inter-level travel time spent in this place.
 D = Time resting spent in this place.
 E = Time spent auto-exploring this place.
 F = Levels seen in this place.
 G = Mean time per level.
                   A        B        C        D        E       F      G
               +--------+--------+--------+--------+--------+-----+--------+
         Total |   4236 |   4074 |    162 |    621 |   2817 |   4 | 1059.0 |
       Dungeon |   4236 |   4074 |    162 |    621 |   2817 |   4 | 1059.0 |
               +--------+--------+--------+--------+--------+-----+--------+

Top non-repeatable levels by time:
     D:2: 1764 daAuts
     D:3: 1125 daAuts
     D:1: 794 daAuts
     D:4: 552 daAuts
